 Dungeon Crawl Stone Soup version 0.25.0-9-g26727b657a (webtiles) character file.

Game seed: 685380726408331558

122 Flugkiller the Covered (level 4, -10/42 HPs)
             Began as a Deep Dwarf Fighter on June 20, 2020.
             Mangled by a gnoll
             ... wielding a +0 halberd
              (11 damage)
             ... on level 3 of the Dungeon.
             The game lasted 00:00:21 (197 turns).

Flugkiller the Covered (Deep Dwarf Fighter)          Turns: 197, Time: 00:00:22

Health: -10/42     AC:  7    Str: 21    XL:     4   Next: 78%
Magic:  3/3        EV:  7    Int:  8    God:
Gold:   15         SH:  9    Dex: 12    Spells: 3/3 levels left

rFire    . . .     SeeInvis .   a - +0 war axe
rCold    . . .     Gourm    .   c - +0 kite shield
rNeg     . . .     Faith    .   b - +0 scale mail
rPois    .         Spirit   .   (no helmet)
rElec    .         Reflect  .   (no cloak)
rCorr    .         Harm     .   (no gloves)
MR       .....                  (no boots)
Stlth    ..........             (no amulet)
HPRegen  0.00/turn              (no ring)
MPRegen  0.08/turn              (no ring)

@: non-regenerating
A: damage resistance, heal wounds, sense surroundings 1, no regeneration
a: Heal Wounds


You were on level 3 of the Dungeon.
You were not hungry.

You visited 1 branch of the dungeon, and saw 3 of its levels.

You collected 15 gold pieces.

Inventory:

Hand Weapons
 a - a +0 war axe (weapon)
Missiles
 h - a throwing net (quivered)
Armour
 b - a +0 scale mail (worn)
 c - a +0 kite shield (worn)
Scrolls
 j - a scroll of remove curse {unknown}
Potions
 d - a potion of might
 f - a potion of flight {unknown}
 i - a potion of curing {unknown}
Comestibles
 e - a ration
 g - 11 chunks of flesh


   Skills:
 + Level 3.2 Fighting
 * Level 3.9 Axes
 + Level 4.0 Armour
 + Level 4.0 Shields


You had 3 spell levels left.
You didn't know any spells.
Your spell library was empty.

Dungeon Overview and Level Annotations

Branches:
Dungeon (3/15)

Altars:


Innate Abilities, Weirdness & Mutations

You are resistant to damage.
You can heal yourself by infusing magical energy.
You passively map a small area around you.
You do not regenerate.


Message History

You kill the bat!
You block the gnoll's attack.
You hit the gnoll.
The gnoll is moderately wounded.
You hit the gnoll but do no damage. You block the gnoll's attack.
The gnoll hits you with a +0 whip.
* * * LOW HITPOINT WARNING * * *
The gnoll hits you with a +0 halberd. You block the gnoll's attack.
You hit the gnoll but do no damage.
The gnoll is moderately wounded.
You hit the gnoll. The gnoll hits you with a +0 whip.
* * * LOW HITPOINT WARNING * * *
The gnoll hits you but does no damage.
You hit the gnoll but do no damage.
The gnoll is moderately wounded.
You slash the gnoll!
You kill the gnoll!
Your Shields skill increases to level 4!
The gnoll hits you with a +0 halberd!
You die...

####..##** * ,
#?..#..# ** , ,.#
##...#.### * ..## , ,
##...<..# ##...# *
###).#.#########......
#..#...............
####..<..####....... ,
*
#.....##.##....o##.#..
#.............@g......
#.....#.###..###...$..
* , ###..##.#.<..# *
#.#.. , #..........# #
, * ####....†...## * ,
,, #.......)...# ,
#.##.#..#....... , , ,
. *#...#######..
*#......, * ,. ,


You could see a gnoll and an orc.

Vanquished Creatures
  Jessica (D:2)
  9 gnolls
  A hobgoblin (D:1)
  A ball python (D:3)
  3 bats
  A frilled lizard (D:2)
  A kobold (D:3)
  A rat (D:1)
18 creatures vanquished.

Vanquished Creatures (others)
  A jackal (D:1)
1 creature vanquished.

Grand Total: 19 creatures vanquished

Notes
Turn   | Place    | Note
-------+----------+-------------------------------------------
     0 | D:1      | Flugkiller the Deep Dwarf Fighter began the quest for the
                  | Orb.
     0 | D:1      | Reached XP level 1. HP: 20/20 MP: 1/1
    54 | D:2      | Noticed Jessica
    72 | D:2      | Reached XP level 2. HP: 13/27 MP: 1/1
    83 | D:2      | Reached XP level 3. HP: 22/33 MP: 2/2
   105 | D:2      | Killed Jessica
   105 | D:2      | Reached XP level 4. HP: 16/42 MP: 3/3
   196 | D:3      | HP: 1/42 [gnoll/+0 whip (4)]
   197 | D:3      | Mangled by a gnoll

Illustrated notes

Levels and vault maps discovered:
D:1:      lightli_arrival_chessboard, layout_basic, nrook_campfire,
          minmay_tetromino_t2
D:2:      layout_basic, kiku_gazebo_pond_becter, grunt_ministairs_6,
          uniq_jessica, uniq_crazy_yiuf_cottage, uniq_robin
D:3:      layout_rooms

Skill      XL: |  1  2  3  4 |
---------------+-------------+-----
Axes           | 3 |  3.9
Fighting       | 3 |  3.2
Armour         | 4 |  4.0
Shields        | 4 |  4.0

Action                   |  1- 3 |  4- 6 || total
-------------------------+-------+-------++-------
Melee: War axe           |    48 |    22 ||    70
 Abil: Heal Wounds       |     2 |       ||     2
Armor: Scale mail        |    11 |    16 ||    27
Dodge: Dodged            |    18 |    12 ||    30
Block: Kite shield       |    19 |    25 ||    44
